 Dungeon Crawl Stone Soup version 0.21-a0-529-g8c7b3f5 (webtiles) character file.

3504 slep the Cleaver (level 9, -4/70 HPs)
             Began as a Demonspawn Gladiator on Dec 10, 2017.
             Was a Believer of Okawaru.
             Slain by a basilisk (11 damage)
             ... on level 8 of the Dungeon.
             The game lasted 00:21:16 (4682 turns).

slep the Cleaver (Demonspawn Gladiator)             Turns: 4682, Time: 00:21:16

Health: -4/70      AC: 12    Str: 17    XL:     9   Next: 80%
Magic:  9/9        EV: 15    Int: 11    God:    Okawaru [**....]
Gold:   325        SH:  9    Dex: 14    Spells: 8/8 levels left

rFire    . . .     SeeInvis .   a - +0 war axe
rCold    . . .     Gourm    .   C - +0 shield
rNeg     + . .     Faith    .   p - +3 ring mail {rN+}
rPois    .         Spirit   .   c - +0 helmet
rElec    .         Reflect  .   (no cloak)
rCorr    .         Harm     .   j - +0 pair of gloves
MR       .....                  (no boots)
Stlth    +.........             (no amulet)
HPRegen  0.21/turn              u - +4 ring of evasion
MPRegen  0.11/turn              D - ring of wizardry

@: no status effects
A: hooves 2, rugged brown scales 1, spiny 2
a: Heroism, Renounce Religion


You were on level 8 of the Dungeon.
You worshipped Okawaru.
Okawaru was pleased with you.
You were near starving.

You visited 2 branches of the dungeon, and saw 9 of its levels.

You collected 325 gold pieces.

Inventory:

Hand Weapons
 a - a +0 war axe (weapon)
Missiles
 d - 3 throwing nets (quivered)
Armour
 b - a +0 leather armour
 c - a +0 helmet (worn)
 j - a +0 pair of gloves (worn)
 p - a +3 ring mail of positive energy (worn)
 r - a +0 hat
 t - a +0 pair of boots
 C - a +0 shield (worn)
 J - a +1 scale mail of magic resistance
Jewellery
 u - a +4 ring of evasion (left hand)
 D - a ring of wizardry (right hand)
Wands
 w - a wand of iceblast (12)
 y - a wand of flame (16)
 z - a wand of polymorph (22)
 B - a wand of digging (15)
 E - a wand of paralysis (8)
Scrolls
 e - 7 scrolls of identify
 h - a scroll of fog {unknown}
 i - a scroll of fear {unknown}
 k - a scroll of immolation
 l - 2 scrolls of enchant armour
 o - a scroll of teleportation
 s - 2 scrolls of amnesia
 v - 2 scrolls of blinking {unknown}
 A - 5 scrolls of remove curse
 G - a scroll of noise {unknown}
 K - a scroll of magic mapping {unknown}
Potions
 g - 2 potions of lignification
 m - 2 potions of brilliance
 q - 2 potions of might
 H - 4 potions of heal wounds {unknown}
 I - a potion of curing {unknown}
Books
 F - a book of Minor Magic

   Spells                             Type                      Level
   a - Magic Dart                     Conjuration                  1
   b - Blink                          Translocation                2
   c - Call Imp                       Summoning                    2
   d - Slow                           Hexes                        2
   e - Conjure Flame                  Conjuration/Fire             3
   f - Mephitic Cloud                 Conjuration/Poison/Air       3
Comestibles
 f - 7 bread rations
 n - 4 fruits
 x - 7 royal jellies
 L - 2 meat rations


   Skills:
 + Level 5.4 Fighting
 + Level 9.3 Axes
 + Level 2.0 Throwing
 + Level 5.0 Armour
 + Level 5.1 Dodging
 + Level 1.6 Stealth
 + Level 3.7 Shields


You had 8 spell levels left.
You didn't know any spells.

Dungeon Overview and Level Annotations

Branches:
Dungeon (8/15)             Temple (1/1) D:6            Lair (0/6) D:8

Altars:
Dithmenos
Elyvilon
Fedhas
Gozag
Hepliaklqana
Kikubaaqudgha
Makhleb
Nemelex Xobeh
Okawaru
Ru
Sif Muna
Wu Jian
Zin

Shops:
D:6 }


Innate Abilities, Weirdness & Mutations

You have hoof-like feet.
You are partially covered in rugged brown scales. (AC +1, +3% HP)
You are mostly covered in sharp spines.


Message History

The basilisk closely misses you. The basilisk completely misses you.
The basilisk bites you.
* * * LOW HITPOINT WARNING * * *
You hit the basilisk.
The basilisk is severely wounded.
You slash the basilisk!
The basilisk bites you but does no damage.
The basilisk is struck by your spines.
You kill the basilisk!
Okawaru accepts your kill.
Your Armour skill increases to level 5!
Your shield prevents you from hitting the basilisk.
You kick the basilisk.
The basilisk is heavily wounded.
The basilisk gazes at you. You resist with some effort.
You slash the basilisk!
The basilisk is severely wounded.
The basilisk bites you!
You die...

###+#..... #.............##
..## #.............+.
....######(............##
.P........#................>'.
P...........................##
....>.......................##
..............................
....... #.l@..............##
....... #.†...............#
#.....####.########'########
#...l....# #.# ########## #.#
## #.# #. #.# #. #.########.
#..........


You could see a basilisk.

Vanquished Creatures
  An elephant (D:8)
  A hippogriff (D:7)
  Eustachio (D:4)
  A yak (D:8)
  4 hogs (D:7)
  A human (D:7)
  Edmund (D:5)
  A basilisk (D:8)
  A water moccasin (D:3)
  An ice beast (D:5)
  2 ogres
  A sky beast (D:6)
  A centaur (D:6)
  3 bullfrogs
  3 killer bees (D:7)
  The ghost of Maxmaps the Skirmisher, a weakling DsWn (D:3)
  2 bullfrog zombies (D:7)
  2 hounds (D:6)
  A jelly (D:6)
  5 orc wizards
  3 orc priests
  A centaur skeleton (D:7)
  Terence (D:2)
  Jessica (D:3)
  An iguana (D:6)
  Natasha (D:3)
  2 worker ants
  A hound skeleton (D:5)
  A worker ant zombie (D:7)
  Robin (D:3)
  4 gnolls (D:6)
  3 adders
  4 shadow imps
  2 oozes
  An adder skeleton (D:6)
  4 worms
  4 dart slugs
  7 leopard geckos
  24 orcs
  A ball python (D:3)
  5 giant cockroaches
  13 goblins
  17 hobgoblins
  13 jackals
  5 quokkas
  6 bats
  5 frilled lizards
  2 jackal zombies (D:7)
  4 kobolds
  5 rats (D:3)
176 creatures vanquished.

Notes
Turn   | Place    | Note
-------+----------+-------------------------------------------
     0 | D:1      | slep the Demonspawn Gladiator began the quest for the Orb.
     0 | D:1      | Reached XP level 1. HP: 16/16 MP: 1/1
    53 | D:1      | Gained mutation: You have large cloven feet. [demonic ancestry]
    53 | D:1      | Reached XP level 2. HP: 5/22 MP: 2/2
    59 | D:1      | Reached skill level 3 in Axes
   301 | D:1      | Gained mutation: You are partially covered in sharp spines. [demonic ancestry]
   301 | D:1      | Reached XP level 3. HP: 20/28 MP: 3/3
   944 | D:2      | Gained mutation: You have hoof-like feet. [demonic ancestry]
   944 | D:2      | Reached XP level 4. HP: 24/34 MP: 4/4
  1115 | D:2      | Found an ancient bone altar of Kikubaaqudgha.
  1274 | D:3      | Noticed Terence
  1274 | D:3      | Noticed Jessica
  1290 | D:2      | Killed Terence
  1290 | D:2      | Reached skill level 1 in Armour
  1487 | D:3      | Reached skill level 4 in Axes
  1495 | D:3      | Killed Jessica
  1583 | D:3      | Gained mutation: You are partially covered in rugged brown scales. (AC +1, +3% HP) [demonic ancestry]
  1583 | D:3      | Reached XP level 5. HP: 31/41 MP: 5/5
  1647 | D:3      | Noticed Natasha
  1651 | D:3      | Killed Natasha
  1668 | D:3      | Noticed Robin
  1699 | D:3      | Killed Robin
  1785 | D:3      | Noticed a water moccasin
  1785 | D:3      | Noticed Maxmaps's ghost (weakling DsWn)
  1791 | D:3      | Killed a water moccasin
  1791 | D:3      | Reached XP level 6. HP: 34/48 MP: 6/6
  1802 | D:3      | Killed Maxmaps's ghost
  2209 | D:4      | Noticed Eustachio
  2222 | D:4      | Killed Eustachio
  2222 | D:4      | Reached skill level 5 in Axes
  2222 | D:4      | Reached XP level 7. HP: 45/53 MP: 7/7
  2582 | D:5      | Entered Level 5 of the Dungeon
  2782 | D:5      | Noticed Edmund
  2792 | D:5      | Killed Edmund
  2812 | D:5      | Found a burning altar of Makhleb.
  2813 | D:5      | Found a hazy altar of Hepliaklqana.
  2851 | D:5      | Noticed a cacodemon
  2912 | D:5      | Reached skill level 6 in Axes
  2912 | D:5      | Reached skill level 1 in Stealth
  3097 | D:6      | Reached XP level 8. HP: 47/61 MP: 8/8
  3151 | D:6      | Found a staircase to the Ecumenical Temple.
  3182 | Temple   | Entered the Ecumenical Temple
  3217 | Temple   | Became a worshipper of Warmaster Okawaru
  3251 | D:6      | Reached skill level 1 in Shields
  3270 | D:6      | Reached skill level 7 in Axes
  3301 | D:6      | Found Soptanul's Gadget Shop.
  3661 | D:7      | Reached * piety under Okawaru
  3684 | D:7      | Reached skill level 8 in Axes
  3698 | D:7      | Found an opulent altar of Gozag.
  3771 | D:7      | Found a deep blue altar of Sif Muna.
  3815 | D:7      | Noticed a hippogriff
  3824 | D:7      | Killed a hippogriff
  3824 | D:7      | Gained mutation: You are mostly covered in sharp spines. [demonic ancestry]
  3824 | D:7      | Reached XP level 9. HP: 36/67 MP: 9/9
  3960 | D:7      | Reached ** piety under Okawaru
  3960 | D:7      | Reached skill level 5 in Fighting
  4652 | D:8      | Found a staircase to the Lair.
  4652 | D:8      | Noticed an elephant
  4663 | D:8      | Reached skill level 9 in Axes
  4675 | D:8      | Killed an elephant
  4675 | D:8      | Reached skill level 5 in Dodging
  4680 | D:8      | Reached skill level 5 in Armour
  4682 | D:8      | Slain by a basilisk

Vault maps used:
D:1:      minmay_arrival_stair_chambers, grunt_decor_arrowhead
D:2:      kiku_gazebo_pond_becter
D:3:      uniq_natasha, uniq_terence, uniq_jessica, uniq_robin
D:4:      kennysheep_nub, uniq_eustachio
D:5:      makhleb_altar_promises_db, first_bread, basic_altar,
          minmay_lizard_king, uniq_edmund
D:6:      minmay_temple_entry_trees, serial_shops, shop
D:7:      nicolae_overflow_hidden_temple,
          nicolae_gozag_cash_rules_everything_around_me, grunt_livestock,
          centaur_isle
D:8:      david_lair_generic, enter_bailey_8, enter_ossuary_2, serial_shops,
          shop
Temple:   nicolae_temple_great_sept

Skill      XL: |  1  2  3  4  5  6  7  8  9 |
---------------+----------------------------+-----
Throwing       | 2 |  2.0
Axes           | 3 4 5 6 8 9 |  9.3
Armour         | 1 2 3 4 5 |  5.0
Dodging        | 3 4 5 |  5.1
Fighting       | 3 4 5 |  5.4
Stealth        | 1 |  1.6
Shields        | 2 3 |  3.7

Action                   |  1- 3 |  4- 6 |  7- 9 || total
-------------------------+-------+-------+-------++-------
Melee: War axe           |    98 |    94 |   207 ||   399
       Kick              |    13 |    28 |    66 ||   107
  Use: Scroll            |       |       |     8 ||     8
  Eat: Chunk             |       |     3 |     8 ||    11
Armor: Leather armour    |    26 |     6 |       ||    32
       Ring mail         |       |    27 |    76 ||   103
Dodge: Dodged            |    70 |    89 |   154 ||   313
Block: Shield            |       |       |   114 ||   114

Table legend:
 A = Spawn XP
 B = Non-spawn XP
 C = Spawn XP percentage of total XP
 D = Spawn monster count
 E = Non-spawn monster count
 F = Spawn count percentage of total count
 G = Total turns spent on level
                    A         B        C        D         E        F      G
               +---------+---------+-------+---------+---------+-------+---------
         Total |       0 |    5007 |   0.0 |       0 |     176 |   0.0 |  4682
               +---------+---------+-------+---------+---------+-------+---------
           D:1 |       0 |      51 |   0.0 |       0 |      23 |   0.0 |   522
           D:2 |       0 |      97 |   0.0 |       0 |      19 |   0.0 |   956
           D:3 |       0 |     367 |   0.0 |       0 |      35 |   0.0 |   482
           D:4 |       0 |     263 |   0.0 |       0 |      10 |   0.0 |   624
           D:5 |       0 |     351 |   0.0 |       0 |      13 |   0.0 |   479
           D:6 |       0 |     896 |   0.0 |       0 |      37 |   0.0 |   498
           D:7 |       0 |    2119 |   0.0 |       0 |      36 |   0.0 |   907
           D:8 |       0 |     863 |   0.0 |       0 |       3 |   0.0 |   167
               +---------+---------+-------+---------+---------+-------+---------
